 Dungeon Crawl Stone Soup version 0.26-a0-113-gd8a95b691d (webtiles) character file.

Game seed: 18109318863124042015

118 PantasTheDank the Chiller (level 5, 0/35 HPs)
             Began as a Merfolk Ice Elementalist on June 26, 2020.
             Slain by a phantom (5 damage)
             ... on level 4 of the Dungeon.
             The game lasted 00:15:34 (3736 turns).

PantasTheDank the Chiller (MfIE)                    Turns: 3736, Time: 00:15:35

Health: 0/35       AC:  3    Str:  9      XL:     5   Next: 2%
Magic:  10/10      EV: 12    Int: 14 (15) God:
Gold:   212        SH:  3    Dex: 14      Spells: 10/11 levels left

rFire    . . .     SeeInvis .   p - +1 falchion (holy)
rCold    . . .     Faith    .   i - +0 buckler
rNeg     . . .     Spirit   .   a - +0 robe
rPois    .         Reflect  .   (no helmet)
rElec    .         Harm     .   (no cloak)
rCorr    .                      (no gloves)
MR       .....                  h - +0 pair of boots
Stlth    ++........             (no amulet)
HPRegen  0.11/turn              (no ring)
MPRegen  0.12/turn              (no ring)

@: no status effects
A: change form in water, swift swim, stealthy swim
a: no special abilities


You were on level 4 of the Dungeon.
You were not hungry.

You visited 1 branch of the dungeon, and saw 4 of its levels.

You collected 212 gold pieces.

Inventory:

Hand Weapons
 b - a +0 short sword
 p - a +1 falchion of holy wrath (weapon)
Armour
 a - a +0 robe (worn)
 h - a +0 pair of boots (worn)
 i - a +0 buckler (worn)
Scrolls
 f - a scroll of enchant weapon
 k - 4 scrolls of remove curse
Potions
 d - a potion of degeneration
 g - a potion of lignification
Comestibles
 c - 3 rations


   Skills:
 + Level 0.2 Long Blades
 - Level 2.6 Dodging
 - Level 2.1 Stealth
 * Level 3.8 Spellcasting
 + Level 5.4 Ice Magic


You had 10 spell levels left.
You knew the following spells:

 Your Spells              Type           Power        Failure   Level  Hunger
a - Freeze                Ice            ###.         3%          1    None

Your spell library contained the following spells:

 Spells                   Type           Power        Failure   Level  Hunger
 Frozen Ramparts          Ice            ###...       11%         3    ###....
 Ozocubu's Armour         Chrm/Ice       ##......     32%         3    ###....
 Hailstorm                Conj/Ice       ##......     73%         4    ####...
 Summon Ice Beast         Ice/Summ       ##......     73%         4    ####...


Dungeon Overview and Level Annotations

Branches:
Dungeon (4/15)
 Temple: D:4-7

Altars:
Fedhas
Wu Jian

Annotations:
D:3 Sigmund


Message History

The phantom is moderately damaged.
The phantom hits you.
Found 15 gold pieces.
The phantom blinks!
You block the phantom's attack. The phantom hits you.
* * * LOW HITPOINT WARNING * * *
The phantom barely misses you. The phantom misses you.
Sorry, you're not good enough to have a special ability.
As you read the scroll of fear, it crumbles to dust.
You assume a fearsome visage.
The phantom is unaffected.
The phantom hits you.
* * * LOW HITPOINT WARNING * * *
Found a stone staircase leading down.
The phantom misses you.
There is a stone staircase leading up here.
You miss the phantom.
The phantom is moderately damaged.
The phantom hits you.
You die...

...........#.# ..#.##
....#......#.#####.....#
....#......#....>...#.##
....+..................>
#####.....####......#
#................#
####................#
...........###..W.###
##.........# #..@.#
##.......#.# ###+##
##.......#.#
##.......#.#
##.......#.$
..##+#..(### .ยง# .#...#
..##.#...# .....#...#


You could see a phantom.

Vanquished Creatures
  A centaur skeleton (D:3)
  2 adders (D:3)
  A worm (D:3)
  A dart slug (D:2)
  3 leopard geckos
  A ball python (D:3)
  4 giant cockroaches
  5 goblins
  4 hobgoblins
  10 jackals (D:3)
  8 bats
  2 frilled lizards
  10 kobolds
  7 rats
59 creatures vanquished.

Notes
Turn   | Place    | Note
-------+----------+-------------------------------------------
     0 | D:1      | PantasTheDank the Merfolk Ice Elementalist began the quest
                  | for the Orb.
     0 | D:1      | Reached XP level 1. HP: 13/13 MP: 3/3
   281 | D:1      | Reached XP level 2. HP: 9/19 MP: 1/5
  1329 | D:2      | Found an ornate altar of the Wu Jian Council.
  1435 | D:2      | Reached XP level 3. HP: 23/24 MP: 2/6
  1739 | D:2      | Reached skill level 5 in Ice Magic
  2471 | D:3      | Found a blossoming altar of Fedhas.
  2716 | D:3      | Reached XP level 4. HP: 30/30 MP: 5/8
  3421 | D:3      | Reached XP level 5. HP: 25/35 MP: 1/10
  3620 | D:3      | Noticed Sigmund
  3673 | D:4      | Noticed a phantom
  3736 | D:4      | Slain by a phantom

Illustrated notes

Levels and vault maps discovered:
D:1:      lightli_arrival_flooded_house, layout_basic
D:2:      layout_basic, old_standard_altar
D:3:      layout_rooms, fedhas_altar_1, uniq_sigmund
D:4:      layout_basic, minitemple, serial_shops, shop, corexii_shack

Skill      XL: |  1  2  3 |
---------------+----------+-----
Ice Magic      | 5 |  5.4
Spellcasting   | 3 |  3.8
Long Blades    | |  0.2
Dodging        | |  2.6
Stealth        | |  2.1

Action                   |  1- 3 |  4- 6 || total
-------------------------+-------+-------++-------
Melee: Falchion          |     4 |    28 ||    32
       Short sword       |     1 |       ||     1
 Cast: Freeze            |    65 |    30 ||    95
  Use: Potion            |     4 |     4 ||     8
       Scroll            |     2 |     4 ||     6
  Eat: Chunk             |     4 |       ||     4
       Ration            |     1 |     1 ||     2
Armor: Robe              |    13 |    15 ||    28
Dodge: Dodged            |    53 |    50 ||   103
Block: Buckler           |     3 |     6 ||     9
       Rpst.: Falchion   |     5 |    15 ||    20

Table legend:
 A = Non-vault XP
 B = Vault XP
 C = Vault XP percentage of total XP
 D = Non-vault monster count
 E = Vault monster count
 F = Vault count percentage of total count
                 A         B        C        D         E       F
            +---------+---------+-------+---------+---------+-------
      Total |     169 |       0 |   0.0 |      59 |       0 |   0.0
            +---------+---------+-------+---------+---------+-------
        D:1 |      23 |       0 |   0.0 |      15 |       0 |   0.0
        D:2 |      21 |       0 |   0.0 |      11 |       0 |   0.0
        D:3 |     125 |       0 |   0.0 |      33 |       0 |   0.0
            +---------+---------+-------+---------+---------+-------
